Map: Ascension to Aiur LE

Players

Zerghamdi - Winner!

  • Race: Zerg Zerg
  • League: Grandmaster
  • Spawn Location: 11:00

Namshar

  • Race: Zerg Zerg
  • League: Master
  • Spawn Location: 5:00

Event: WESG Barcelona European Finals 2017

VOD

Have the link to the VOD?

Description

Time

  • Played on: Nov. 23, 2017, 12:35 p.m.
  • Length: 8:17

All games in this series

Show
View Real Time Build Order
Export as new Build Order

Zerghamdi Zerg - Winner!

Build Orders: Pool First 

Get SALT Encoding   

  12  0:00  Drone  
  13  0:12  Overlord  
  13  0:16  Drone  
  14  0:30  Drone  
  14  0:31  Drone  
  14  0:34  Drone  
  17  0:38  Extractor  
  16  0:46  Drone  
  17  0:50  Spawning Pool  
  17  0:56  Drone  
  17  1:17  Hatchery  
  16  1:21  Drone  
  17  1:37  Zergling x4  
  17  1:39  Metabolic Boost  
  19  1:49  Queen  
  21  2:07  Baneling Nest  
  20  2:09  Overlord  
  20  2:17  Zergling x4  
  22  2:29  Zergling x2  
  23  2:31  Zergling x4  
  25  2:42  Zergling x4  
  27  2:47  Queen  
  29  2:55  Baneling x3  
  29  2:57  Drone x2  
  31  3:00  Drone  
  31  3:05  Drone  
  33  3:15  Drone x2  
  35  3:26  Drone x2  
  35  3:32  Drone x2  
  32  3:35  Drone  
  32  3:39  Drone  
  34  3:42  Evolution Chamber  
  34  3:44  Drone  
  34  3:46  Zergling x2  
  34  3:47  Zergling x2  
  36  3:54  Zergling x2, Overlord  
  35  4:04  Evolution Chamber  
  35  4:06  Baneling x2  
  35  4:10  Zergling x2  
  35  4:11  Evolution Chamber  
  35  4:14  Zergling x10  
  40  4:19  Zerg Ground Armor Level 1  
  40  4:23  Drone x2  
  42  4:25  Drone  
  43  4:34  Drone  
  43  4:36  Overlord  
  44  4:39  Zerg Melee Weapons Level 1  
  44  4:43  Overlord  
  43  4:55  Zergling x2, Hatchery  
  43  5:00  Zergling x4  
  43  5:02  Zergling x2  
  43  5:03  Zergling x2  
  47  5:13  Zergling x8  
  51  5:15  Zergling x4  
  51  5:16  Zergling x2  
  54  5:22  Zergling x4  
  54  5:26  Baneling x2  
  54  5:28  Zergling x6  
  58  5:30  Zergling x2  
  57  5:37  Baneling x2  
  57  5:38  Zergling x2  
  57  5:40  Zergling x2  
  56  5:53  Zergling x4  
  56  5:54  Zergling x2  
  56  5:55  Zergling x2  
  58  5:57  Zergling x2  
  58  5:59  Zergling x2  
  58  6:00  Zergling x4  
  59  6:07  Zergling x4  
  59  6:08  Zergling x2  
  55  6:11  Baneling x2  
  55  6:16  Queen  
  55  6:17  Zergling x4  
  58  6:18  Zergling x2  
  57  6:26  Zergling x2  
  57  6:27  Zergling x2  
  57  6:31  Zergling x2  
  56  6:38  Zergling x2  
  56  6:39  Zergling x2  
  56  6:41  Zergling x2  
  56  6:43  Zergling x4  
  56  6:44  Zergling x2  
  55  6:48  Baneling  
  55  6:49  Zergling x6  
  55  6:51  Baneling x3  
  58  6:55  Zergling x6  
  59  7:02  Zergling x6  
  59  7:06  Extractor  
  59  7:14  Zergling x10  
  60  7:17  Lair  
  60  7:18  Zergling x4  
  60  7:19  Zergling x4  
  63  7:23  Zergling x2  
  63  7:26  Zergling x6  
  63  7:27  Zergling x2  
  63  7:29  Zergling x2  
  65  7:32  Baneling x2  
  65  7:36  Zergling x2  
  65  7:38  Zergling x2, Extractor  
  65  7:39  Zergling x2  
  65  7:41  Zergling x4  
  65  7:43  Zergling x2  
  65  7:45  Zergling x2  
  65  7:48  Zergling x2  
  64  7:54  Zergling x4  
  64  7:55  Zergling x2  
  64  7:58  Baneling x3  
  64  7:59  Zergling x2  
Show
View Real Time Build Order
Export as new Build Order

Namshar Zerg 

Build Orders: Hatch First 

Get SALT Encoding   

  12  0:00  Drone  
  13  0:12  Overlord  
  13  0:17  Drone  
  14  0:30  Drone x2  
  14  0:34  Drone  
  17  0:50  Hatchery  
  17  0:54  Drone  
  17  0:56  Drone  
  18  1:07  Extractor  
  17  1:11  Spawning Pool  
  17  1:14  Drone  
  17  1:17  Drone  
  18  1:27  Drone  
  19  1:37  Overlord  
  19  1:49  Drone  
  20  1:58  Queen  
  20  1:59  Zergling x2  
  23  2:01  Queen  
  23  2:02  Zergling x2  
  23  2:07  Metabolic Boost  
  26  2:10  Spine Crawler  
  26  2:13  Drone  
  26  2:16  Drone  
  27  2:23  Drone x2  
  29  2:35  Baneling Nest  
  29  2:38  Drone x2  
  31  2:49  Zergling x2  
  32  2:54  Zergling x2  
  33  3:01  Zergling x4  
  33  3:05  Queen  
  36  3:18  Baneling x2  
  36  3:20  Overlord  
  36  3:21  Overlord  
  34  3:30  Zergling x4  
  31  3:46  Drone x6  
  37  3:59  Drone x2  
  39  4:08  Drone  
  40  4:11  Drone  
  40  4:12  Hatchery  
  40  4:19  Overlord  
  40  4:20  Drone x5  
  40  4:22  Baneling  
  45  4:25  Zergling x2  
  45  4:33  Roach Warren  
  45  4:35  Zergling x4  
  46  4:48  Zergling x2  
  46  4:49  Zergling x8  
  50  5:02  Lair  
  50  5:03  Drone x2, Evolution Chamber, Extractor  
  50  5:05  Baneling x2  
  49  5:19  Drone  
  49  5:20  Drone x5  
  55  5:28  Roach  
  55  5:29  Roach x5  
  55  5:30  Baneling x2  
  65  5:40  Extractor  
  65  5:42  Roach  
  61  5:53  Roach x2  
  65  6:01  Queen  
  63  6:04  Roach x2  
  63  6:10  Zergling x2  
  65  6:14  Overlord x3  
  65  6:18  Glial Reconstitution  
  65  6:28  Ravager  
  65  6:30  Ravager  
  61  6:33  Roach  
  61  6:35  Zergling x26  
  71  6:44  Queen  
  71  6:45  Drone  
  71  6:46  Roach x4  
  73  7:07  Roach  
  73  7:08  Roach x6, Hatchery  
  68  7:19  Drone  
  68  7:20  Drone  
  68  7:29  Zergling x2, Roach  
  63  7:35  Zergling x4, Roach x2  
  65  7:43  Zergling x2, Roach  
  47  7:56  Roach x4  
Tags
 
Add a new tag
Caveats
  • Supply blocks, unpowered buildings, or Contaminate may cause inaccurate times.
  • Supply counts are checked every 10 seconds.